 Dungeon Crawl Stone Soup version 0.17.0-28-g6e173f8 (webtiles) character file.

91 tap556 the Ruffian (level 4, 0/44 HPs)
             Began as a Troll Monk on Dec 1, 2015.
             Succumbed to 24monkeys's ghost's poison
             ... on level 3 of the Dungeon.
             The game lasted 00:06:49 (1380 turns).

tap556 the Ruffian (Troll Monk)                     Turns: 1380, Time: 00:06:49

Health: 0/44       AC:  5    Str: 19    XL:     4   Next: 34%
Magic:  3/3        EV: 10    Int:  6    God:
Gold:   107        SH:  0    Dex: 13    Spells: 0 memorised, 3 levels left

rFire  . . .     SeeInvis +       - Unarmed
rCold  . . .     Clarity  .     a - +0 robe
rNeg   + . .     SustAt   .     (no shield)
rPois  .         Gourm    +     (helmet restricted)
rElec  .         Spirit   .     (no cloak)
rCorr  .         Warding  +     (gloves unavailable)
rMut   .         Stasis   .     (boots unavailable)
MR     .....                    k - amulet of warding
Stlth  ++........               i - ring of see invisible
                                j - ring of stealth

@: lethally poisoned (0 -> -12), not resistant to hostile enchantments,
unstealthy
A: unfitting armour, claws 3, fast metabolism 3, gourmand, regeneration 2,
shaggy fur 1, tough skin 2
a: no special abilities


You were on level 3 of the Dungeon.
You were completely stuffed.

You visited 1 branch of the dungeon, and saw 3 of its levels.

You collected 107 gold pieces.

Inventory:

Hand Weapons
 o - a +1 mace
Missiles
 r - 10 poisoned needles
Armour
 a - a +0 robe (worn)
Jewellery
 i - a ring of see invisible (right claw)
 j - a ring of stealth (left claw)
 k - an amulet of warding (around neck)
Scrolls
 e - a scroll of remove curse
Potions
 d - 2 potions of magic {unknown}
 h - 2 potions of heal wounds {unknown}
 l - a potion of mutation {unknown}
 m - 2 potions of agility {unknown}
 q - a potion of brilliance {unknown}
Comestibles
 b - 3 bread rations
 c - a royal jelly
 f - 9 chunks of flesh


   Skills:
 - Level 2.4 Fighting
 - Level 2.4 Dodging
 - Level 1.1 Stealth
 + Level 5.9 Unarmed Combat


You had 3 spell levels left.
You didn't know any spells.

Dungeon Overview and Level Annotations

Branches:
Dungeon (3/15)

Altars:
Vehumet

Annotations:
D:3 24monkeys's ghost, amateur SpCj


Innate Abilities, Weirdness & Mutations

You are too large for most types of armour.
You have claws for hands.
Your metabolism is lightning-fast.
You like to eat raw meat.
You heal very quickly.
You are covered in fur (AC +1).
You have very tough skin (AC +2).


Message History

You feel sick.
Read which item? (? for menu, Esc to quit)
As you read the scroll labeled MESIELL GOIN, it crumbles to dust.
It is a scroll of enchant weapon.
Enchant which weapon? (? for menu, Esc to quit)
Your mace glows red for a moment.
You feel sick. 24monkeys's ghost hits you.
You are lethally poisoned!
* * * LOW HITPOINT WARNING * * *
You feel very sick. 24monkeys's ghost makes a sound of rattling chains. 24monkeys's ghost points at you and mumbles some strange words.
The magic dart hits you!
* * * LOW HITPOINT WARNING * * *
* * * LOW HITPOINT WARNING * * *
You feel sick.
* * * LOW HITPOINT WARNING * * *
You feel very sick.
* * * LOW HITPOINT WARNING * * *
You feel sick.
You die...

....... ...
§§# #.# #§#
#.# #§# #.#
#§#
...#####.###§#
#........##§#
...#####..>W.#
#.@..## ##...#
#...######.
#..........
##.)#######
#..# #..# #..#
#.<#


You could see 24monkeys's ghost.

Vanquished Creatures
  4 adders
  An orc (D:3)
  3 ball pythons
  8 bats
  4 giant cockroaches
  4 goblins
  8 hobgoblins
  3 jackals (D:2)
  2 quokkas
  3 giant geckos (D:2)
  4 giant newts
  5 kobolds
  2 rats
51 creatures vanquished.

Notes
Turn   | Place    | Note
--------------------------------------------------------------
     0 | D:1      | tap556 the Troll Monk began the quest for the Orb.
     0 | D:1      | Reached XP level 1. HP: 22/22 MP: 0/0
   447 | D:1      | Reached XP level 2. HP: 29/29 MP: 1/1
   820 | D:2      | Reached skill level 5 in Unarmed Combat
   869 | D:2      | Reached XP level 3. HP: 36/36 MP: 2/2
  1121 | D:2      | Found a radiant altar of Vehumet.
  1217 | D:3      | Reached XP level 4. HP: 44/44 MP: 3/3
  1365 | D:3      | Noticed 24monkeys's ghost (amateur SpCj)
  1379 | D:3      | HP: 2/44 [poisoned by 24monkeys's ghost]
  1380 | D:3      | Succumbed to 24monkeys's ghost's poison

Action                   |  1- 3 |  4- 6 || total
-------------------------+-------+-------++-------
Melee: Unarmed           |    98 |    30 ||   128
  Use: Scroll            |     3 |     3 ||     6
 Stab: Sleeping          |     6 |       ||     6
  Eat: Chunk             |    16 |     2 ||    18
